 Dungeon Crawl Stone Soup version 0.19.1-1-g22dce08 (webtiles) character file.

41 ponk the Slasher (level 3, 0/29 HPs)
             Began as a Demonspawn Chaos Knight on Jan 19, 2017.
             Slain by an adder (4 damage)
             ... on level 2 of the Dungeon.
             The game lasted 00:02:48 (847 turns).

ponk the Slasher (Demonspawn Chaos Knight)           Turns: 847, Time: 00:02:49

Health: 0/29       AC:  8    Str: 12    XL:     3   Next: 32%
Magic:  3/3        EV:  5    Int: 13    God:    Xom [..*...]
Gold:   36         SH:  0    Dex: 13    Spells: 0 memorised, 2 levels left

rFire  . . .     SeeInvis .     a - +0 falchion (chaos)
rCold  . . .     Gourm    .     h - +0 chain mail
rNeg   . . .     Faith    .     (no shield)
rPois  .         Spirit   .     (no helmet)
rElec  .         Reflect  .     (no cloak)
rCorr  .         Harm     .     (no gloves)
MR     .....                    (no boots)
Stlth  ..........               (no amulet)
                                (no ring)
                                (no ring)

@: lethally poisoned (0 -> -16)
A: demonic guardian 1
a: Renounce Religion


You were on level 2 of the Dungeon.
You worshipped Xom.
You were a toy of Xom.
You were not hungry.

You visited 1 branch of the dungeon, and saw 2 of its levels.

You collected 36 gold pieces.

Inventory:

Hand Weapons
 a - a +0 falchion of chaos (weapon)
Missiles
 k - 22 poisoned needles
Armour
 h - a +0 chain mail (worn)
Scrolls
 b - 2 scrolls of random uselessness {unknown}
 e - a scroll of magic mapping {unknown}
 g - 3 scrolls of identify {unknown}
 i - a scroll of teleportation {unknown}
Potions
 j - a potion of agility {unknown}
Comestibles
 c - a bread ration
 d - 4 chunks of flesh
 f - 2 meat rations


   Skills:
 - Level 3.2 Fighting
 + Level 3.8 Long Blades
 - Level 1.7 Armour
 - Level 0.8 Dodging


You had 2 spell levels left.
You didn't know any spells.

Dungeon Overview and Level Annotations

Branches:
Dungeon (2/15)

Altars:


Innate Abilities, Weirdness & Mutations

A weak demonic guardian rushes to your aid.


Message History

You feel sick.
The adder bites you but does no damage. x3
You barely miss the adder.
You feel sick. The adder bites you.
You are lethally poisoned!
The adder poisons you! The adder bites you but does no damage.
You closely miss the adder.
You feel sick. The adder bites you but does no damage.
The adder barely misses you.
You riposte.
You miss the adder. The adder bites you.
You are more poisoned.
The adder poisons you! The adder bites you.
You hit the adder.
The adder is heavily wounded.
* * * LOW HITPOINT WARNING * * *
You feel sick. The adder bites you.
* * * LOW HITPOINT WARNING * * *
The adder bites you but does no damage.
You miss the adder.
The adder is heavily wounded.
* * * LOW HITPOINT WARNING * * *
You feel sick. The adder bites you.
You die...

...#................
.......<....
..................##
##.#........
.#..#..##.........#
#.#........
..................# #
#........
#.................#
#........
......##..........# #
..#######
#.#...#######....##.####..
#.#.#.# ##........#..#
..#.#.. ##S@##.#... ##S# #
.$.....r.......
...#(..##...... .....
..#### ....... ## .......
..##... .. ###.


You could see 2 adders and a rat.

Vanquished Creatures
  An adder (D:2)
  A dart slug (D:1)
  4 leopard geckos
  A giant cockroach (D:1)
  3 goblins (D:1)
  A hobgoblin (D:1)
  6 kobolds
  2 bats
  3 frilled lizards
  4 rats
26 creatures vanquished.

Vanquished Creatures (collateral kills)
  A bat (D:1)
1 creature vanquished.

Grand Total: 27 creatures vanquished

Notes
Turn   | Place    | Note
-------+----------+-------------------------------------------
     0 | D:1      | ponk the Demonspawn Chaos Knight began the quest for the Orb.
     0 | D:1      | Reached XP level 1. HP: 18/18 MP: 1/1
    17 | D:1      | XOM: harmless Chrm miscast
    63 | D:1      | XOM: potion effect (might)
    99 | D:1      | Gained mutation: A weak demonic guardian rushes to your aid. [demonic ancestry]
    99 | D:1      | Reached XP level 2. HP: 24/24 MP: 2/2
   228 | D:1      | XOM: cloud trail
   313 | D:1      | XOM: divination: magic mapping
   316 | D:1      | XOM: harmless Chrm miscast
   495 | D:1      | XOM: harmless Summ miscast
   660 | D:2      | Reached XP level 3. HP: 24/29 MP: 3/3
   693 | D:2      | XOM: harmless Hex miscast
   847 | D:2      | Slain by an adder

Skill      XL: |  1 |
---------------+----+-----
Long Blades    | 3 |  3.8
Fighting       | |  3.2
Armour         | |  1.7
Dodging        | |  0.8

Action                   || total
-------------------------++-------
Melee: Falchion          ||   104
Armor: Leather armour    ||     4
       Chain mail        ||    90
Dodge: Dodged            ||    36
       Rpst.: Falchion   ||    12
